 Dungeon Crawl Stone Soup version 0.32-a0-953-g508020473e (webtiles) character file.

Game seed: 8746097417720410280

26 Esekla the Trooper (level 2, 0/25 HPs)
             Began as a Demonspawn Wanderer on Apr 17, 2024.
             Slain by an adder (3 damage)
             ... on level 2 of the Dungeon.
             The game lasted 00:04:45 (1062 turns).

Esekla the Trooper (Demonspawn Wanderer)            Turns: 1062, Time: 00:04:45

Health: 0/25       AC:  3    Str: 12    XL:     2   Next: 89%
Magic:  3/3        EV:  9    Int: 11    God:
Gold:   71         SH:  0    Dex: 13    Spells: 2/3 levels left

rFire   . . .        a - +3 quarterstaff
rCold   . . .        (shield currently unavailable)
rNeg    . . .        c - +0 leather armour
rPois   .            (helmet restricted)
rElec   .            (no cloak)
rCorr   .            (no gloves)
SInv    .            (no boots)
Will    .....        (no amulet)
Stlth   +            (no ring)
HPRegen 0.24/turn    (no ring)
MPRegen 0.08/turn

%: no passive effects
@: no status effects
A: antennae 1
a: no special abilities


You were on level 2 of the Dungeon.
You visited 1 branch of the dungeon, and saw 2 of its levels.

You collected 71 gold pieces.

Inventory:

Hand Weapons
 a - a +3 quarterstaff (weapon)
 m - a +0 dagger
Missiles
 l - 4 poisoned darts (quivered)
Armour
 c - a +0 leather armour (worn)
Scrolls
 b - a scroll of fear
 e - a scroll of enchant armour {unknown}
 h - 2 scrolls of identify {unknown}
 k - a scroll of vulnerability {unknown}
Potions
 d - a potion of degeneration {unknown}
 f - 2 potions of attraction {unknown}
 g - 2 potions of heal wounds {unknown}
 i - a potion of berserk rage {unknown}
 j - 2 potions of ambrosia {unknown}


   Skills:
 * Level 3.7 Fighting
 + Level 2.0 Staves
 * Level 1.1 Spellcasting
 * Level 2.5 Necromancy
 + Level 1.2 Invocations
 + Level 1.0 Evocations


You had 2 spell levels left.
You knew the following spells:

 Your Spells              Type           Power      Damage    Failure   Level
a - Kiss of Death         Conj/Necr      12%        2d6       24%         1

Your spell library contained the following spells:

 Spells                   Type           Power      Damage    Failure   Level
 Vampiric Draining        Necr           6%         2d6       41%         3


Dungeon Overview and Level Annotations

Branches:
Dungeon (2/15)

Altars:


Innate Abilities, Weirdness & Mutations

You have a pair of small antennae on your head.


Message History

You kill the orc!
You start resting.
An adder comes into view.
As you open the door, it creaks loudly!
The adder hisses angrily.
You hit the adder.
The adder is severely wounded.
The adder bites you.
You are poisoned.
The adder poisons you!
You closely miss the adder.
The adder is severely wounded.
You feel sick. The adder closely misses you. The adder bites you.
You hit the adder.
The adder is almost dead.
You feel sick. The adder bites you.
You are more poisoned.
The adder poisons you!
You barely miss the adder.
The adder is almost dead.
You feel sick. The adder bites you but does no damage.
The adder closely misses you.
You closely miss the adder.
The adder is almost dead.
You feel sick. The adder closely misses you.
You hit the adder but do no damage.
The adder is almost dead.
You feel sick. The adder bites you. The adder bites you but does no damage.
You closely miss the adder.
The adder is almost dead.
You feel sick. The adder completely misses you. The adder closely misses you.
You closely miss the adder.
The adder is almost dead.
You feel sick. The adder bites you.
* * * LOW HITPOINT WARNING * * *
You miss the adder.
The adder is almost dead.
You feel sick.
You are no longer poisoned.
The adder bites you but does no damage. The adder bites you.
You die...

..............
...............#.### #
#...............#.##
#.###................#.#
.....................#†
#....................#
+...... #...#####.....
#.#.....###...# #....†
......)@S.....# #.....
#.####'###....# #.....
#. #....# #..... #.
#....# #....ß
..###....#####..ß..
............##.....
........####.##.....
....................
..###..####.#......


You could see an adder.

Vanquished Creatures
  An orc (D:2)
  An endoplasm (D:2)
  2 giant cockroaches (D:2)
  5 hobgoblins
  3 kobolds
  4 ball pythons
  4 bats (D:1)
  A frilled lizard (D:2)
  2 rats (D:1)
23 creatures vanquished.

Notes
Turn   | Place    | Note
-------+----------+-------------------------------------------
     0 | D:1      | Esekla the Demonspawn Wanderer began the quest for the Orb.
     0 | D:1      | Esekla set off with the following items: a +3 quarterstaff,
                  | a scroll of fear, a +0 leather armour; and the following
                  | spell memorised: Kiss of Death; and the following spells
                  | available to memorise: Vampiric Draining.
     0 | D:1      | Reached XP level 1. HP: 18/18 MP: 2/2
   282 | D:1      | Found a faded altar of an unknown god.
   303 | D:1      | Gained mutation: You have a pair of small antennae on your
                  | head. [demonic ancestry]
   303 | D:1      | Reached XP level 2. HP: 23/24 MP: 3/3
  1062 | D:2      | Slain by an adder

Illustrated notes

Levels and vault maps discovered:
D:1:      ncdulo_wetmaze, layout_basic, shapermc_ecumenical_altar_totnotflames
D:2:      wad_pebble_path, layout_basic

Skill      XL: |  1  2 |
---------------+-------+-----
Staves         | 2 |  2.0
Fighting       | |  3.7
Spellcasting   | |  1.1
Necromancy     | |  2.5
Invocations    | |  1.2
Evocations     | |  1.0

Action                     || total
---------------------------++-------
  Melee: Quarterstaff      ||    46
 Armour: Leather armour    ||    25
  Dodge: Dodged            ||    22

Table legend: (Time is in decaauts)
 A = Elapsed time spent in this place.
 B = Non-inter-level travel time spent in this place.
 C = Inter-level travel time spent in this place.
 D = Time resting spent in this place.
 E = Time spent auto-exploring this place.
 F = Levels seen in this place.
 G = Mean time per level.
                   A        B        C        D        E       F      G
               +--------+--------+--------+--------+--------+-----+--------+
         Total |   1080 |   1067 |     13 |      6 |    617 |   2 |  540.0 |
       Dungeon |   1080 |   1067 |     13 |      6 |    617 |   2 |  540.0 |
               +--------+--------+--------+--------+--------+-----+--------+

Top non-repeatable levels by time:
     D:1: 822 daAuts
     D:2: 257 daAuts
